 Seeded DCSS version 0.31-a0-1447-g87ca8d402b (webtiles) character file.

Game seed: 16090307882996012164 (custom seed)

96 thriggle the Trooper (level 4, -9/37 HPs)
             Began as a Barachi Monk on Dec 28, 2023.
             Was the Champion of Ignis.
             Mangled by an ogre
             ... wielding a +0 giant club
              (15 damage)
             ... on level 4 of the Dungeon.
             The game lasted 00:08:23 (1974 turns).

thriggle the Trooper (Barachi Monk)                 Turns: 1974, Time: 00:08:23

Health: -9/37      AC: 12    Str: 14    XL:     4   Next: 67%
Magic:  4/4        EV: 12    Int: 10    God:    Ignis [******]
Gold:   129        SH:  0    Dex: 15    Spells: 3/3 levels left

rFire   + . .        i - +0 trident
rCold   . . .        d - orb {light}
rNeg    . . .        k - +0 ring mail
rPois   .            (no helmet)
rElec   .            (no cloak)
rCorr   .            (no gloves)
SInv    .            m - +2 pair of boots
Will    .....        (no amulet)
Stlth   +            l - +4 ring of protection
HPRegen 0.26/turn    w - ring of wizardry
MPRegen 0.09/turn

%: wizardry (x1)
@: glowing, slow
A: amphibious, slowness 1, strong legs 1, +LOS, sense surroundings 1, wild magic
1
a: Hop, Renounce Religion, Fiery Armour, Foxfire Swarm, Rising Flame


You were on level 4 of the Dungeon.
You worshipped Ignis.
Ignis was exalted by your worship.
You visited 1 branch of the dungeon, and saw 4 of its levels.

You collected 129 gold pieces.

Inventory:

Hand Weapons
 a - a +0 spear
 i - a +0 trident (weapon)
Missiles
 e - 3 atropa-tipped darts
 h - 35 stones
 s - 3 boomerangs
 u - 9 poisoned darts
Armour
 b - a +0 robe
 d - an orb of light (worn)
 k - a +0 ring mail (worn)
 m - a +2 pair of boots (worn)
Jewellery
 l - a +4 ring of protection (left hand)
 w - a ring of wizardry (right hand)
Scrolls
 g - 4 scrolls of identify
 p - a scroll of enchant armour
 v - a scroll of enchant weapon {unknown}
Potions
 c - a potion of ambrosia
 f - a potion of berserk rage
 j - 2 potions of haste
 n - a potion of enlightenment {unknown}
 o - a potion of heal wounds {unknown}
 q - 3 potions of attraction {unknown}
 r - a potion of degeneration {unknown}
 t - a potion of curing {unknown}
 x - a potion of might {unknown}


   Skills:
 + Level 4.2 Fighting
 + Level 3.5 Polearms
 + Level 1.7 Throwing
 + Level 2.0 Armour
 + Level 3.9 Dodging


You had 3 spell levels left.
You didn't know any spells.
Your spell library contained the following spells:

 Spells                   Type           Power      Damage    Failure   Level
 Scorch                   Fire           0%         2d5       47%         2
 Flame Wave               Conj/Fire      0%         2d4       96%         4
 Summon Cactus Giant      Summ           0%         N/A       100%        6


Dungeon Overview and Level Annotations

Branches:
Dungeon (4/15)
 Temple: D:4-7

Altars:
Vehumet
Ignis

Shops:
D:2 =   D:4 !


Innate Abilities, Weirdness & Mutations

You are amphibious.
You cover ground slowly.
You can hop short distances.
You have an extended range of vision and can be seen from far away.
You passively map a small area around you.
Your spells are a little harder to cast, but a little more powerful.


Message History

There is a stone staircase leading down here.
You climb downwards.
The ogre shouts!
Found 8 gold pieces.
Found Baunaude's Distillery.
Found a stone staircase leading down.
There is a stone staircase leading up here.
A kobold comes into view. It is wielding a +0 whip.
The kobold throws a stone.
The stone hits you but does no damage.
Reach: i) +0 trident
Press: ? - help, Dir - move target, f - ogre
Aim: an ogre, wielding a +0 giant club (haloed, about 7% to evade your +0 trident)
You reach to attack!
You hit the ogre.
The ogre is lightly wounded.
A dart slug comes into view.
The kobold throws a stone.
The stone barely misses you.
You hit the ogre.
The ogre is lightly wounded.
The ogre hits you with a +0 giant club!!
Ouch! That really hurt!
* * * LOW HITPOINT WARNING * * *
Unknown command.
The dart slug launches a dart at you. The slug dart hits you.
* * * LOW HITPOINT WARNING * * *
The ogre attacks as it pursues you! The ogre barely misses you.
You aren't carrying any items that you can evoke.
Throw: 4 darts (atropa)
Press: ? - help, Shift-Dir - straight line, f/p - ogre
Aim: an ogre, wielding a +0 giant club (lightly wounded, haloed, 93% to hit, chance to blind on hit: 41%)
You throw an atropa-tipped dart. The atropa-tipped dart hits the ogre.
The ogre appears confused.
The ogre is lightly wounded.
You catch the helpless ogre completely off-guard!
You hit the ogre.
The ogre is moderately wounded.
The ogre seems less confused.
The ogre misses you.
You hit the ogre.
The ogre is moderately wounded.
The ogre hits you with a +0 giant club!
You die...

* ,.~~ ≈ ~
.~~ ~≈ , **.~
≈≈ ~ ~ *#.#~
~ ~ #####.w.
~~ , ##.....#
~ , #....w.#
~ ###...O.#*
~ * #....<@.#
* * *
#.......# *
#....∩...$#
...........#
*
#...>....#..
#...........#
.#.......##.#
* *
........## ..
* ########
#.. , ,


You could see an ogre (blind, unable to see you) and 2 dart slugs.

Vanquished Creatures
  3 adders (D:2)
  2 worms
  An orc (D:2)
  5 ball pythons
  6 bats
  5 endoplasms
  A giant cockroach (D:1)
  3 goblins
  8 hobgoblins
  6 jackals (D:1)
  3 quokkas
  5 frilled lizards
  7 kobolds
  3 rats
58 creatures vanquished.

Notes
Turn   | Place    | Note
-------+----------+-------------------------------------------
     0 | D:1      | thriggle the Barachi Monk began the quest for the Orb.
     0 | D:1      | Reached XP level 1. HP: 18/18 MP: 1/1
    90 | D:1      | Reached XP level 2. HP: 24/25 MP: 2/2
   134 | D:1      | Reached skill level 1 in Armour
   225 | D:1      | Reached XP level 3. HP: 29/30 MP: 3/3
   298 | D:1      | Reached skill level 1 in Throwing
   481 | D:1      | Gained mutation: Armour fits poorly on your strangely
                  | shaped body. [potion of mutation]
   482 | D:1      | Lost mutation: Armour fits poorly on your strangely shaped
                  | body. [potion of mutation]
   482 | D:1      | Gained mutation: You passively map a small area around you.
                  | [potion of mutation]
   482 | D:1      | Gained mutation: Your spells are a little harder to cast,
                  | but a little more powerful. [potion of mutation]
   503 | D:2      | Found a radiant altar of Vehumet.
   506 | D:2      | Reached skill level 4 in Fighting
   670 | D:2      | Found a faded altar of an unknown god.
   679 | D:2      | Prayed at the altar of an unknown god.
   679 | D:2      | Became a worshipper of Ignis, the Dying Flame
   679 | D:2      | Reached ****** piety under Ignis
   686 | D:2      | Found Xusyledi's Jewellery Emporium.
  1099 | D:2      | Reached XP level 4. HP: 37/37 MP: 4/4
  1967 | D:4      | Noticed an ogre
  1967 | D:4      | Found Baunaude's Distillery.
  1974 | D:4      | Mangled by an ogre

Illustrated notes

Levels and vault maps discovered:
D:1:      minmay_arrival_arboretum_small, layout_rooms
D:2:      wander_river, layout_basic, shapermc_ecumenical_altar_mp_highgroup,
          serial_shops, nicolae_shop_gaudy_bauble, basic_altar,
          grunt_ministairs_3
D:3:      layout_loops_corners, serial_bayou_lagoon_b
D:4:      kennysheep_slugbush, layout_basic, nicolae_overflow_two_pavilions,
          minmay_temple_entry_butterflies, nicolae_stop_n_shop_1

Skill      XL: |  1  2  3  4 |
---------------+-------------+-----
Armour         | 1 2 |  2.0
Throwing       | 1 |  1.7
Fighting       | 4 |  4.2
Polearms       | |  3.5
Dodging        | |  3.9

Action                     |  1- 3 |  4- 6 || total
---------------------------+-------+-------++-------
  Melee: Spear             |    78 |       ||    78
         Trident           |    42 |    46 ||    88
  Throw: Stone             |     1 |       ||     1
         Dart              |       |     1 ||     1
    Use: Scroll            |     3 |     1 ||     4
         Potion            |     2 |       ||     2
   Stab: Invisible         |       |     1 ||     1
 Armour: Robe              |    32 |       ||    32
         Ring mail         |    17 |    21 ||    38
  Dodge: Dodged            |    85 |    22 ||   107

Table legend: (Time is in decaauts)
 A = Elapsed time spent in this place.
 B = Non-inter-level travel time spent in this place.
 C = Inter-level travel time spent in this place.
 D = Time resting spent in this place.
 E = Time spent auto-exploring this place.
 F = Levels seen in this place.
 G = Mean time per level.
                   A        B        C        D        E       F      G
               +--------+--------+--------+--------+--------+-----+--------+
         Total |   2315 |   2258 |     57 |     16 |   1335 |   4 |  578.8 |
       Dungeon |   2315 |   2258 |     57 |     16 |   1335 |   4 |  578.8 |
               +--------+--------+--------+--------+--------+-----+--------+

Top non-repeatable levels by time:
     D:3: 935 daAuts
     D:2: 808 daAuts
     D:1: 563 daAuts
     D:4: 7 daAuts
